 Dungeon Crawl Stone Soup version 0.31-a0-1036-g31867e143a (webtiles) character file.

Game seed: 15876207788072692558

9076 Avanven the Tainter (level 11, -16/47 HPs)
             Began as a Spriggan Venom Mage on Nov 18, 2023.
             Was a Priest of Vehumet.
             Killed from afar by a rime drake (20 damage)
             ... with an icy flash freeze
             ... on level 10 of the Dungeon on Nov 19, 2023.
             The game lasted 00:51:25 (11257 turns).

Avanven the Tainter (Spriggan Venom Mage)          Turns: 11257, Time: 00:51:25

Health: -16/47     AC:  3    Str:  4    XL:     11   Next: 18%
Magic:  29/33      EV: 22    Int: 21    God:    Vehumet [***...]
Gold:   418        SH:  0    Dex: 16    Spells: 14/26 levels left

rFire   . . .        f - +1 short sword (venom)
rCold   . . .        (no shield)
rNeg    . . .        a - +0 robe
rPois   .            (helmet restricted)
rElec   .            h - +0 cloak
rCorr   .            (gloves unavailable)
SInv    +            (boots unavailable)
Will    +....        (no amulet)
Stlth   ++           r - +5 ring of evasion
HPRegen 0.27/turn    A - ring of magical power
MPRegen 0.23/turn

%: no passive effects
@: radiating poison, very quick
A: very small, no large weapons, unfitting armour, see invisible, speed 3
a: Renounce Religion


You were on level 10 of the Dungeon.
You worshipped Vehumet.
Vehumet was most pleased with you.
You visited 4 branches of the dungeon, and saw 13 of its levels.

You collected 638 gold pieces.
You spent 220 gold pieces at shops.

Inventory:

Hand Weapons
 f - a +1 short sword of venom (weapon)
Armour
 a - a +0 robe (worn)
 h - a +0 cloak (worn)
 k - an orb of guile
Magical Staves
 q - a staff of air
Jewellery
 r - a +5 ring of evasion (left hand)
 A - a ring of magical power (right hand)
Wands
 s - a wand of charming (19)
 x - a wand of mindburst (10)
Scrolls
 d - 2 scrolls of revelation
 i - a scroll of blinking {unknown}
 j - 4 scrolls of teleportation
 l - a scroll of fear
 m - 5 scrolls of identify
 o - a scroll of butterflies {unknown}
 t - a scroll of immolation {unknown}
 u - a scroll of brand weapon {unknown}
 v - 3 scrolls of noise {unknown}
 y - a scroll of enchant armour {unknown}
 C - a scroll of acquirement {unknown}
Potions
 b - a potion of magic
 c - a potion of brilliance
 e - a potion of might {unknown}
 g - 2 potions of degeneration
 n - 2 potions of attraction
 p - 4 potions of curing
 w - a potion of lignification {unknown}
 z - 2 potions of mutation {unknown}
 B - a potion of cancellation {unknown}


   Skills:
 - Level 2.6 Dodging
 - Level 3.0 Stealth
 - Level 8.0 Spellcasting
 + Level 3.6 Conjurations
 + Level 7.0 Transmutations
 * Level 14.1 Poison Magic
 - Level 5.4 Evocations


You had 14 spell levels left.
You knew the following spells:

 Your Spells              Type           Power      Damage    Failure   Level
a - Irradiate             Conj/Tmut      15%        3d16      7%          5
b - Poisonous Vapours     Pois/Air       76%        N/A       1%          2
c - Olgreb's Toxic Radia  Pois           61%        N/A       1%          4
e - Magic Dart            Conj           92%        1d7       1%          1

Your spell library contained the following spells:

 Spells                   Type           Power      Damage    Failure   Level
 Momentum Strike          Conj/Tloc      32%        3d8       1%          2
 Shock                    Conj/Air       64%        1d7       1%          1
 Sting                    Tmut/Pois      100%       1d8       1%          1
 Mephitic Cloud           Conj/Pois/Air  33%        N/A       1%          3
 Sublimation of Blood     Necr           8%         N/A       12%         2
 Petrify                  Tmut/Erth      23%        N/A       19%         4
 Airstrike                Air            4%         2d(1-17)  21%         4
 Swiftness                Air            8%         N/A       24%         3


Dungeon Overview and Level Annotations

Branches:
Dungeon (10/15)            Temple (1/1) D:7            Lair (1/5) D:10
    Orc (1/2) D:10

Altars:
Ashenzari
Cheibriados
Dithmenos
Elyvilon
Fedhas
Gozag
Hepliaklqana
Kikubaaqudgha
Makhleb
Nemelex Xobeh
Okawaru
Qazlal
Sif Muna
Trog
Uskayaw
Vehumet
Wu Jian
Xom
Zin
The Shining One

Shops:
D:3 (   D:7 *   D:9 =

Annotations:
D:4 2 runed translucent doors, Gynju's ghost, amateur GnHs


Innate Abilities, Weirdness & Mutations

You are very small and have problems with some larger weapons.
You are too small for most types of armour.
You have supernaturally acute eyesight. (SInv)
You cover ground extremely quickly. (Speed+++)


Message History

The rime drake is lightly wounded.
The rime drake completely misses you.
You hit the rime drake but do no damage.
The rime drake looks as sick as possible!
The rime drake is lightly wounded.
The ice encasing you melts away. The rime drake bites you.
You hit the rime drake but do no damage.
The rime drake looks as sick as possible!
The rime drake is moderately wounded.
The rime drake misses you.
You hit the rime drake.
The rime drake looks as sick as possible!
The rime drake is moderately wounded.
The rime drake misses you. The rime drake completely misses you.
You hit the rime drake but do no damage.
The rime drake looks as sick as possible!
The rime drake is moderately wounded.
The rime drake breathes ice at you. The icy flash freeze hits you!!
Ouch! That really hurt!
* * * LOW HITPOINT WARNING * * *
You are encased in ice.
The rime drake completely misses you.
You climb upwards.
Welcome back to the Dungeon!
The ice encasing you melts away.
There is a staircase to the Lair here.
As you read the scroll of fear, it crumbles to dust.
You assume a fearsome visage.
The rime drake looks frightened!
An orc comes into view. It is wielding a +0 war axe.
Casting: Poisonous Vapours (safe; 1% risk of failure)
Confirm with . or Enter, or press ? or * to list all spells.
You begin to radiate toxic energy.
Your attack snaps the rime drake out of its fear.
The rime drake looks as sick as possible!
The orc shouts!
The orc is poisoned.
The rime drake breathes ice at you. The icy flash freeze hits you!!
You die...

..)..)...).....).......†#..#
.'####..#.#.##.#########..##
..#
##.....##..########.#####
#.# ###.#..........k.......#
#.# #.#.o................#
#.# #.#[[........#.......#
#.# #...[.)...[..........#
#.# ###......>..#........#
#D# ##...#@..#.........# #.#
#.....#.......##.### #.#
##............# .# #§#
#####.......## .# #§#
####...## .# #.# ###..# #D#
##... #.### ... §§§.# ....


You could see a rime drake (extremely poisoned, catching breath) and an orc
(poisoned).

Vanquished Creatures
  3 death yaks (D:10)
  2 two-headed ogres
  An orc sorcerer (Orc:1)
  A manticore (D:6)
  Jeremiah (D:7)
  A hornet (D:10)
  A vampire (D:9)
  A wyvern (D:9)
  A steam dragon (D:10)
  3 yaks (D:8)
  A warg (D:10)
  2 ice beasts
  9 orc warriors
  3 sky beasts (D:7)
  A black bear (D:5)
  3 ogres
  4 centaurs
  A kobold brigand (D:7)
  3 bullfrogs
  2 scorpions
  2 wights (D:9)
  7 howler monkeys
  2 electric eels (D:10)
  11 orc priests
  6 hounds
  A sleepcap (D:7)
  An iguana (D:4)
  2 hell rats (D:10)
  13 orc wizards
  A gnoll (D:3)
  2 river rats (D:10)
  7 adders
  2 shadow imps
  A white imp (D:5)
  2 worms
  2 dart slugs
  57 orcs
  8 endoplasms
  3 giant cockroaches
  5 goblins
  12 hobgoblins
  3 jackals (D:1)
  17 kobolds
  9 quokkas
  7 ball pythons
  5 bats
  4 frilled lizards
  5 rats
241 creatures vanquished.

Vanquished Creatures (others)
  An orc wizard (D:6)
1 creature vanquished.

Grand Total: 242 creatures vanquished

Notes
Turn   | Place    | Note
-------+----------+-------------------------------------------
     0 | D:1      | Avanven the Spriggan Venom Mage began the quest for the
                  | Orb.
     0 | D:1      | Reached XP level 1. HP: 9/9 MP: 5/5
   237 | D:1      | Reached XP level 2. HP: 13/13 MP: 3/6
   609 | D:1      | Learned a level 2 spell: Poisonous Vapours
   750 | D:1      | Reached XP level 3. HP: 16/16 MP: 0/8
  1899 | D:2      | Reached skill level 4 in Poison Magic
  2201 | D:2      | Found a hide-covered altar of Uskayaw.
  2338 | D:2      | Reached XP level 4. HP: 19/21 MP: 6/10
  2452 | D:2      | Learned a level 4 spell: Olgreb's Toxic Radiance
  2946 | D:3      | Found a sparkling altar of Nemelex Xobeh.
  3266 | D:3      | Reached XP level 5. HP: 24/24 MP: 4/12
  3404 | D:3      | Found Eqorue's Weapon Boutique.
  3571 | D:3      | Reached skill level 5 in Poison Magic
  4019 | D:4      | Found a large runed translucent door.
  4019 | D:4      | Found a large runed translucent door.
  4130 | D:4      | Noticed a water moccasin
  4250 | D:4      | Reached XP level 6. HP: 28/28 MP: 7/14
  4386 | D:4      | Reached skill level 5 in Spellcasting
  4513 | D:4      | Reached skill level 6 in Poison Magic
  4555 | D:4      | Found a hazy altar of Hepliaklqana.
  4556 | D:4      | Found a shadowy altar of Dithmenos.
  4556 | D:4      | Noticed a shadow
  4605 | D:4      | Noticed Gynju's ghost (amateur GnHs)
  4690 | D:5      | Entered Level 5 of the Dungeon
  4710 | D:5      | HP: 1/28 [orc priest/divine providence (13)]
  5039 | D:5      | Reached XP level 7. HP: 32/32 MP: 9/16
  5182 | D:5      | Reached skill level 7 in Poison Magic
  5951 | D:6      | Reached skill level 8 in Poison Magic
  6004 | D:6      | Reached XP level 8. HP: 36/36 MP: 14/19
  6176 | D:6      | Noticed a manticore
  6214 | D:6      | Killed a manticore
  6215 | D:6      | Reached skill level 9 in Poison Magic
  6540 | D:7      | Found Zin's Purification Station.
  6541 | D:7      | Found a glowing silver altar of Zin.
  7040 | D:7      | Noticed Jeremiah
  7051 | D:7      | Killed Jeremiah
  7052 | D:7      | Reached skill level 10 in Poison Magic
  7052 | D:7      | Reached XP level 9. HP: 25/39 MP: 4/22
  7152 | D:7      | Found a staircase to the Ecumenical Temple.
  7175 | Temple   | Entered the Ecumenical Temple
  7205 | Temple   | Became a worshipper of Vehumet
  7520 | D:8      | Found an ornate altar of the Wu Jian Council.
  7521 | D:8      | Found a snail-covered altar of Cheibriados.
  7527 | D:8      | Found a shimmering altar of Xom.
  7528 | D:8      | Found a blossoming altar of Fedhas.
  7531 | D:8      | Found an opulent altar of Gozag.
  7531 | D:8      | Found an ancient bone altar of Kikubaaqudgha.
  7532 | D:8      | Found a broken altar of Ashenzari.
  7533 | D:8      | Found a shimmering blue altar of Sif Muna.
  7533 | D:8      | Found a burning altar of Makhleb.
  7585 | D:8      | Found an iron altar of Okawaru.
  7633 | D:8      | Reached skill level 11 in Poison Magic
  7633 | D:8      | Reached skill level 1 in Evocations
  7754 | D:8      | Noticed a two-headed ogre
  7794 | D:8      | Killed a two-headed ogre
  7915 | D:8      | Reached skill level 12 in Poison Magic
  8009 | D:8      | Reached skill level 5 in Evocations
  8516 | D:8      | Learned a level 5 spell: Irradiate
  8591 | D:9      | Found Qaomuh's Jewellery Boutique.
  8594 | D:9      | Bought a ring of magical power for 220 gold pieces
  8725 | D:9      | Reached XP level 10. HP: 44/44 MP: 23/23
  8892 | D:9      | Learned a level 1 spell: Shock
  8971 | D:9      | Reached * piety under Vehumet
  8971 | D:9      | Offered knowledge of Magic Dart by Vehumet.
  8974 | D:9      | Learned a level 1 spell: Magic Dart
  9150 | D:9      | Reached skill level 1 in Conjurations
  9440 | D:10     | Entered Level 10 of the Dungeon
  9983 | D:10     | Noticed a two-headed ogre
 10009 | D:10     | Killed a two-headed ogre
 10010 | D:10     | Reached skill level 13 in Poison Magic
 10312 | D:10     | Reached skill level 5 in Transmutations
 10355 | D:10     | Noticed a death yak
 10356 | D:10     | Found a staircase to the Lair.
 10357 | D:10     | Noticed a death yak
 10387 | D:10     | Killed a death yak
 10518 | D:10     | Noticed a death yak
 10542 | D:10     | Killed a death yak
 10545 | D:10     | Killed a death yak
 10545 | D:10     | Offered knowledge of Static Discharge by Vehumet.
 10593 | D:10     | Reached ** piety under Vehumet
 10673 | D:10     | Reached XP level 11. HP: 47/47 MP: 24/24
 10701 | D:10     | Found a staircase to the Orcish Mines.
 10766 | Orc:1    | Entered Level 1 of the Orcish Mines
 10775 | Orc:1    | Noticed an orc warlord
 10938 | Orc:1    | Noticed an orc sorcerer
 10941 | Orc:1    | Reached skill level 14 in Poison Magic
 10943 | Orc:1    | Noticed a sixfirhy
 10943 | Orc:1    | Offered knowledge of Momentum Strike by Vehumet.
 10943 | Orc:1    | Killed an orc sorcerer
 11205 | D:10     | Reached *** piety under Vehumet
 11245 | Lair:1   | Entered Level 1 of the Lair of Beasts
 11251 | Lair:1   | HP: 2/47 [rime drake/icy flash freeze (32)]
 11257 | D:10     | Killed from afar by a rime drake

Illustrated notes

Levels and vault maps discovered:
D:1:      lightli_arrival_farm, layout_loops_ring, roderic_serpentine_path,
          serial_bayou_pond_e, st_stairs_3, corexii_item_surrounded_by_moat,
          kennysheep_flooded_box, minmay_misc_feat_square,
          kennysheep_small_spiral
D:2:      layout_basic, basic_altar
D:3:      layout_basic, mainiacjoe_overflow_alcove_2, serial_shops,
          nicolae_shop_waterfront, minmay_distorted
D:4:      layout_rooms, riverfiend_overflow_shadow_ancestor,
          ebering_ghost_disaster_area
D:5:      layout_basic, nicolae_yredelemnul_corpse_copse, minmay_pentangle
D:6:      layout_loops_cross
D:7:      layout_basic, zin_purify, minmay_temple_entry_butterflies,
          uniq_jeremiah
D:8:      layout_basic, nicolae_overflows_in_rows
D:9:      layout_roguey, serial_shops, kennysheep_mini_moat
D:10:     layout_roguey, nicolae_ru_the_path_less_chosen, dpeg_lair_monsters,
          erik_orc_2
Temple:   nicolae_temple_two_arcs
Lair:1:   layout_long_grid, lightli_volcano_entry_magma_tube, kennysheep_rathole
Orc:1:    layout_diamond_mine

Skill      XL: |  1  2  3  4  5  6  7  8  9 10 11 |
---------------+----------------------------------+-----
Spellcasting   | 3 4 5 6 8 |  8.0
Transmutations | 2 6 7 |  7.0
Poison Magic   | 4 5 6 8 10 12 13 14 | 14.1
Evocations     | 5 |  5.4
Conjurations   | 3 |  3.6
Dodging        | |  2.6
Stealth        | |  3.0

Action                     |  1- 3 |  4- 6 |  7- 9 | 10-12 || total
---------------------------+-------+-------+-------+-------++-------
  Melee: Unarmed           |     5 |       |       |       ||     5
         Short sword       |    51 |    69 |    85 |    33 ||   238
         Punch             |     1 |     1 |     1 |       ||     3
   Cast: Sting             |    50 |    24 |       |       ||    74
         Poisonous Vapours |    16 |    22 |    75 |    51 ||   164
         Olgreb's Toxic Ra |       |     9 |    16 |    45 ||    70
         Magic Dart        |       |       |       |    44 ||    44
         Shock             |       |       |       |    16 ||    16
  Evoke: Wand              |       |       |     4 |     2 ||     6
    Use: Scroll            |       |     9 |       |     3 ||    12
         Potion            |       |       |     1 |       ||     1
   Stab: Sleeping          |     1 |     2 |     3 |     2 ||     8
 Armour: Robe              |    24 |    24 |    30 |    31 ||   109
  Dodge: Dodged            |    58 |    54 |    90 |   102 ||   304

Table legend: (Time is in decaauts)
 A = Elapsed time spent in this place.
 B = Non-inter-level travel time spent in this place.
 C = Inter-level travel time spent in this place.
 D = Time resting spent in this place.
 E = Time spent auto-exploring this place.
 F = Levels seen in this place.
 G = Mean time per level.
                   A        B        C        D        E       F      G
               +--------+--------+--------+--------+--------+-----+--------+
         Total |   8541 |   8405 |    136 |   2451 |   3298 |  13 |  657.0 |
       Dungeon |   8481 |   8345 |    136 |   2451 |   3298 |  10 |  848.1 |
        Temple |     27 |     27 |      0 |      0 |      0 |   1 |   27.0 |
          Lair |      7 |      7 |      0 |      0 |      0 |   1 |    7.0 |
  Orcish Mines |     23 |     23 |      0 |      0 |      0 |   1 |   23.0 |
               +--------+--------+--------+--------+--------+-----+--------+

Top non-repeatable levels by time:
    D:10: 1361 daAuts
     D:1: 1232 daAuts
     D:8: 864 daAuts
     D:3: 858 daAuts
     D:2: 791 daAuts
     D:9: 750 daAuts
     D:5: 692 daAuts
     D:7: 684 daAuts
     D:6: 640 daAuts
     D:4: 607 daAuts
  Temple: 27 daAuts
   Orc:1: 23 daAuts
  Lair:1: 7 daAuts
